 Dungeon Sprint DCSS version 0.32-a0-450-g080537f31e (webtiles) character file.

Game seed: 2986558874547729339

262 adelrune the Covered (level 5, -4/51 HPs)
             Began as a Minotaur Fighter on Feb 23, 2024.
             Was an Initiate of Cheibriados.
             Slain by a hornet (5 damage)
             ... while paralysed by a hornet
             ... in the Dungeon (Sprint IX: "|||||||||||||||||||||||||||||").
             The game lasted 00:02:10 (145 turns).

adelrune the Covered (Minotaur Fighter)              Turns: 145, Time: 00:02:10

Health: -4/51      AC:  8    Str: 30    XL:     5   Next: 97%
Magic:  5/7        EV:  2    Int:  6    God:    Cheibriados [......]
Gold:   0          SH:  0    Dex: 10    Spells: 4/4 levels left

rFire   . . .        m - +1 broad axe (freeze)
rCold   . . .        c - +0 buckler
rNeg    . . .        o - +2 ring mail
rPois   .            (helmet restricted)
rElec   .            (no cloak)
rCorr   .            (no gloves)
SInv    .            (no boots)
Will    .....        (no amulet) Stlth
                     p - +3 ring of strength
HPRegen 0.28/turn    q - +3 ring of strength
MPRegen 0.10/turn

%: no teleportation
@: paralysed, lethally poisoned (-4 -> -19), slowed, very slow
A: horns 2, retaliatory headbutt
a: Renounce Religion


You were in the Dungeon.
You worshipped Cheibriados.
Cheibriados was noncommittal.
You visited 1 branch

Inventory:

Hand Weapons
 m - a +1 broad axe of freezing (weapon)
Armour
 a - a +0 pair of gloves
 b - a +0 scale mail
 c - a +0 buckler (worn)
 n - a +0 cloak
 o - a +2 ring mail (worn)
Jewellery
 p - a +3 ring of strength (left hand)
 q - a +3 ring of strength (right hand)
Wands
 l - a wand of iceblast (10)
Scrolls
 j - 2 scrolls of blinking
 k - 2 scrolls of amnesia
Potions
 d - a potion of might
 e - 4 potions of curing
 f - a potion of invisibility
 g - a potion of haste
 h - 4 potions of magic
 i - 2 potions of heal wounds


   Skills:
 + Level 6.8 Fighting
 * Level 4.9(6.4) Axes
 - Level 6.3(7.1) Maces & Flails
 + Level 6.8 Armour
 + Level 4.8 Dodging
 + Level 6.5 Shields
 + Level 4.4 Invocations


You had 4 spell levels left.
You didn't know any spells.
Your spell library was empty.

Dungeon Overview and Level Annotations

Branches:
Dungeon (1/1)

Altars:
Cheibriados
Dithmenos
Elyvilon
Fedhas
Gozag
Hepliaklqana
Kikubaaqudgha
Makhleb
Nemelex Xobeh
Okawaru
Qazlal
Ru
Sif Muna
Trog
Uskayaw
Vehumet
Wu Jian
Xom
Yredelemnul
Zin
The Shining One
Beogh
Jiyva
Lugonu


Innate Abilities, Weirdness & Mutations

You have a pair of horns on your head.
You reflexively headbutt those who attack you in melee.


Message History

You kill the yak!
Cheibriados appreciates the change of pace.
The hornet stings you but does no damage.
Your Fighting skill increases to level 6!
Your base Axes skill gained 4 levels and is now at level 4!
Your Armour skill increases to level 6!
Your Dodging skill increases to level 4!
Your Shields skill increases to level 6!
Your Invocations skill increases to level 4!
You have reached level 5!
You hit the hornet but do no damage. The hornet stings you!
You are poisoned.
You feel yourself slow down. The hornet closely misses you.
You furiously retaliate!
You headbutt the hornet, but do no damage.
Okay, then.
You feel better. The hornet closely misses you. You block the hornet's attack.
You slice the hornet!! You freeze the hornet!
The hornet is severely wounded.
You feel yourself speed up. The hornet barely misses you.
The hornet stings you!
You are poisoned.
You suddenly lose the ability to move!
The howler monkey hoots and howls with incredible vigour!
The hornet stings you.
You are more poisoned.
You feel yourself slow down.
You hear a roar!
You feel yourself speed up.
You feel very sick. The hornet stings you!
* * * LOW HITPOINT WARNING * * *
You feel yourself slow down. The hornet stings you!
* * * LOW HITPOINT WARNING * * *
You feel as though you will be slow longer.
* * * LOW HITPOINT WARNING * * *
You feel very sick. The hornet stings you.
You die...
Cheibriados appreciates the motionlessness of death. ▓▓▓▓▓▓▓▓▓▓▓▓▓▓▓▓▓▓▓▓▓▓▓▓ _______'..).....@y{oyh.. ▓▓▓▓▓▓▓▓▓▓▓▓▓▓▓▓▓▓▓▓▓▓▓▓

You could see a hornet, a howler monkey, a killer bee and an orc priest.

Vanquished Creatures
  A yak (D)
  A gnoll sergeant (D)
  A hound (D)
  An adder (D)
  A shadow imp (D)
  A dart slug (D)
  An orc (D)
  2 ball pythons (D)
  2 bats (D)
11 creatures vanquished.

Notes
Turn   | Place    | Note
-------+----------+-------------------------------------------
     0 | D        | adelrune the Minotaur Fighter began the quest for the Orb.
     0 | D        | Reached XP level 1. HP: 19/19 MP: 0/0
    16 | D        | Reached skill level 1 in Dodging
    19 | D        | Reached skill level 1 in Invocations
    23 | D        | Noticed a gnoll sergeant
    23 | D        | Noticed a hound
    27 | D        | Reached XP level 2. HP: 27/27 MP: 0/2
    29 | D        | HP: 1/28 [gnoll sergeant/+0 trident (12)]
    33 | D        | Killed a gnoll sergeant
    34 | D        | Reached skill level 5 in Fighting
    34 | D        | Reached skill level 5 in Maces & Flails
    34 | D        | Reached skill level 5 in Armour
    34 | D        | Reached skill level 5 in Shields
    34 | D        | Reached XP level 3. HP: 36/36 MP: 0/4
    34 | D        | Reached XP level 4. HP: 42/42 MP: 0/5
    74 | D        | Found a roughly hewn altar of Beogh.
    74 | D        | Found a snail-covered altar of Cheibriados.
    74 | D        | Found a shadowy altar of Dithmenos.
    74 | D        | Found a white marble altar of Elyvilon.
    74 | D        | Found a blossoming altar of Fedhas.
    74 | D        | Found an opulent altar of Gozag.
    75 | D        | Found a hazy altar of Hepliaklqana.
    76 | D        | Found a viscous altar of Jiyva.
    77 | D        | Found an ancient bone altar of Kikubaaqudgha.
    78 | D        | Became a worshipper of Cheibriados the Contemplative
    79 | D        | Found a corrupted altar of Lugonu.
    80 | D        | Found a burning altar of Makhleb.
    81 | D        | Found a sparkling altar of Nemelex Xobeh.
    82 | D        | Found an iron altar of Okawaru.
    83 | D        | Found a stormy altar of Qazlal.
    84 | D        | Found a sacrificial altar of Ru.
    85 | D        | Found a shimmering blue altar of Sif Muna.
    86 | D        | Found a bloodstained altar of Trog.
    87 | D        | Found a hide-covered altar of Uskayaw.
    88 | D        | Found a radiant altar of Vehumet.
    89 | D        | Found an ornate altar of the Wu Jian Council.
    90 | D        | Found a shimmering altar of Xom.
    91 | D        | Found a basalt altar of Yredelemnul.
    92 | D        | Found a glowing silver altar of Zin.
    93 | D        | Found a glowing golden altar of the Shining One.
   136 | D        | Noticed a yak
   136 | D        | Noticed a hornet
   140 | D        | Killed a yak
   141 | D        | Reached XP level 5. HP: 46/51 MP: 5/7
   143 | D        | Paralysed by a hornet for 3 turns
   145 | D        | HP: 1/51 [poisoned by a hornet]
   145 | D        | Slain by a hornet

Illustrated notes

Levels and vault maps discovered:
D:        linesprint [early_d, line_temple, items_1, d_10, items_2, lair_1,
          lair_end, items_3, orc_1, orc_end, items_4, d_15, swamp_1, shoals_1,
          snake_1, spider_1, d_20, vaults_1, items_5, swamp_end, shoals_end,
          snake_end, spider_end, vaults_end, d_27, items_6, zot_1, zot_end,
          crypt_end, forest_end, elf_end, slime_end, tomb_end, abyss_end,
          pan_hell_end]

Skill      XL: |  1  2  3  4 |
---------------+-------------+-----
Fighting       | 4 5 6 |  6.8
Maces & Flails | 3 5 6 |  6.3
Dodging        | 1 3 4 |  4.8
Armour         | 4 5 6 |  6.8
Invocations    | 1 2 4 |  4.4
Shields        | 4 5 6 |  6.5
Axes           | 4 |  4.9

Action                     |  1- 3 |  4- 6 || total
---------------------------+-------+-------++-------
  Melee: Flail             |    20 |     1 ||    21
         Headbutt          |     1 |     3 ||     4
         Broad axe         |       |     6 ||     6
    Use: Potion            |     2 |     1 ||     3
 Armour: Scale mail        |    16 |       ||    16
         Ring mail         |       |     9 ||     9
  Dodge: Dodged            |    16 |     5 ||    21
  Block: Buckler           |     5 |     1 ||     6

Table legend: (Time is in decaauts)
 A = Elapsed time spent in this place.
 B = Non-inter-level travel time spent in this place.
 C = Inter-level travel time spent in this place.
 D = Time resting spent in this place.
 E = Time spent auto-exploring this place.
 F = Levels seen in this place.
 G = Mean time per level.
                   A        B        C        D        E       F      G
               +--------+--------+--------+--------+--------+-----+--------+
         Total |    169 |    169 |      0 |     42 |      0 |   1 |  169.0 |
       Dungeon |    169 |    169 |      0 |     42 |      0 |   1 |  169.0 |
               +--------+--------+--------+--------+--------+-----+--------+

Top non-repeatable levels by time:
       D: 169 daAuts
